Map: Whirlwind LE (Void)

Players

soO - Winner!

  • Race: Zerg Zerg
  • Spawn Location: 11:00

ByuL

  • Race: Zerg Zerg
  • Spawn Location: 7:00

Event: IEM Season 11 - Gyeonggi

VOD

https://www.youtube.com/watch?v=Yvj1GPJ-n-U

Description

Time

  • Played on: Dec. 14, 2016, 10:35 p.m.
  • Length: 7:44

All games in this series

Show
View Real Time Build Order
Export as new Build Order

soO Zerg - Winner!

Build Orders: Pool First 

Get SALT Encoding   

  12  0:00  Drone  
  13  0:15  Extractor  
  12  0:23  Spawning Pool  
  12  0:28  Drone  
  12  0:32  Drone  
  13  0:36  Drone  
  14  0:47  Overlord  
  14  1:09  Queen  
  14  1:10  Zergling x2  
  17  1:15  Metabolic Boost  
  17  1:19  Zergling x2  
  17  1:23  Zergling x2  
  19  1:27  Zergling x2  
  20  1:34  Zergling x2  
  21  1:48  Overlord  
  21  2:01  Hatchery  
  20  2:04  Zergling x2  
  21  2:10  Zergling x2  
  22  2:17  Zergling x4  
  22  2:22  Zergling x2  
  25  2:23  Zergling x2  
  26  2:32  Zergling x2  
  27  2:38  Zergling x2  
  24  2:53  Zergling x6  
  28  3:05  Zergling x2  
  25  3:13  Zergling x2  
  25  3:18  Queen  
  25  3:19  Zergling x2  
  29  3:25  Zergling x4  
  29  3:26  Zergling x2  
  27  3:28  Zergling x2  
  27  3:29  Zergling x2  
  28  3:40  Zergling x4  
  30  3:47  Overlord  
  30  3:53  Drone  
  31  3:58  Drone  
  31  4:01  Drone x2  
  34  4:05  Drone  
  34  4:09  Drone  
  34  4:13  Drone  
  32  4:18  Zergling x2  
  32  4:22  Zergling x2  
  31  4:27  Zergling x2  
  31  4:34  Zergling x4  
  31  4:44  Zergling x4  
  31  4:46  Baneling Nest  
  31  4:50  Zergling x2  
  30  5:01  Zergling x8  
  30  5:04  Zergling x2  
  35  5:07  Zergling x2  
  35  5:13  Zergling x4  
  38  5:18  Zergling x4  
  40  5:26  Zergling x4  
  38  5:36  Baneling x7  
  38  5:43  Overlord  
  38  5:44  Drone  
  38  5:49  Drone  
  40  5:53  Drone x2  
  42  5:58  Drone  
  38  6:13  Zergling x6  
  38  6:14  Zergling x2  
  38  6:20  Zergling x4  
  38  6:22  Zergling x4  
  38  6:23  Zergling x4  
  41  6:28  Zergling x4  
  41  6:33  Baneling x2  
  41  6:34  Zergling x2  
  41  6:36  Zergling x2  
  42  6:43  Baneling x2  
  42  6:44  Queen  
  42  6:46  Zergling x2  
  45  6:48  Zergling x2  
  45  6:51  Baneling x2  
  42  6:55  Zergling x2  
  42  6:56  Zergling x2  
  42  7:01  Zergling x4  
  46  7:03  Zergling x2  
  46  7:05  Zergling x2  
  46  7:07  Drone  
  47  7:10  Drone  
  47  7:12  Drone  
  47  7:14  Drone  
  48  7:21  Drone x2  
  49  7:27  Roach Warren  
  48  7:30  Drone  
Show
View Real Time Build Order
Export as new Build Order

ByuL Zerg 

Build Orders: Pool First 

Get SALT Encoding   

  12  0:00  Drone  
  13  0:08  Drone  
  14  0:16  Overlord  
  14  0:23  Drone, Extractor  
  15  0:35  Drone  
  15  0:36  Drone  
  17  0:44  Spawning Pool  
  17  0:47  Drone  
  17  1:07  Hatchery  
  17  1:10  Drone  
  17  1:14  Drone  
  17  1:17  Drone  
  19  1:20  Extractor  
  18  1:30  Zergling x2  
  18  1:31  Queen  
  21  1:40  Overlord  
  21  1:48  Drone  
  22  2:00  Drone  
  23  2:06  Queen  
  25  2:15  Baneling Nest  
  24  2:16  Zergling x2  
  24  2:22  Zergling x2, Spine Crawler  
  25  2:27  Metabolic Boost, Zergling x2  
  27  2:33  Zergling x4  
  28  2:39  Zergling x2  
  28  2:42  Queen, Zergling x2  
  27  2:46  Zergling x2  
  26  2:54  Zergling x2  
  26  2:55  Zergling x2  
  27  3:00  Zergling x2  
  28  3:06  Zergling x4  
  28  3:10  Zergling x2  
  26  3:16  Zergling x2  
  25  3:21  Zergling x2  
  21  3:31  Zergling x4  
  21  3:33  Zergling x2  
  24  3:37  Zergling x2  
  25  3:41  Zergling x2  
  25  3:48  Drone  
  28  3:55  Zergling x4  
  28  3:59  Zergling x2  
  29  4:05  Zergling x2  
  29  4:09  Zergling x2  
  30  4:16  Zergling x2  
  23  4:20  Zergling x6  
  23  4:24  Zergling x2  
  21  4:32  Zergling x4  
  23  4:40  Queen  
  25  4:59  Zergling x4  
  28  5:00  Zergling x2  
  28  5:04  Baneling Nest, Zergling x2  
  28  5:05  Zergling x2  
  29  5:11  Zergling x2  
  30  5:21  Overlord  
  29  5:41  Zergling x2  
  30  5:45  Zergling x2  
  30  5:48  Baneling x2  
  31  5:50  Zergling x6  
  34  5:57  Zergling x2  
  34  5:59  Baneling x2  
  34  6:02  Baneling  
  34  6:09  Zergling x2  
  31  6:11  Baneling  
  31  6:13  Baneling  
  31  6:18  Zergling x2  
  27  6:22  Zergling x2  
  27  6:23  Zergling x2  
  26  6:30  Zergling x2  
  26  6:42  Baneling x2, Zergling x2  
  27  6:51  Zergling x2  
  27  7:07  Zergling x2  
  27  7:08  Baneling x2  
  26  7:11  Baneling  
  26  7:13  Zergling x6  
  28  7:17  Baneling  
  28  7:25  Zergling x2  
  28  7:26  Baneling  

Tags
 
Add a new tag
Caveats
  • Supply blocks, unpowered buildings, or Contaminate may cause inaccurate times.
  • Supply counts are checked every 10 seconds.